 Dungeon Crawl Stone Soup version 0.19.1 (webtiles) character file.

1370 Lilleppy the Cruncher (level 8, -8/68 HPs)
             Began as a Minotaur Gladiator on Dec 19, 2016.
             Was an Initiate of Ru.
             Killed from afar by a gargoyle (15 damage)
             ... with a stone arrow
             ... on level 7 of the Dungeon.
             The game lasted 00:27:30 (5573 turns).

Lilleppy the Cruncher (Minotaur Gladiator)          Turns: 5573, Time: 00:27:31

Health: -8/68      AC: 10    Str: 21    XL:     8   Next: 38%
Magic:  7/7        EV:  9    Int: 10    God:    Ru [......]
Gold:   269        SH:  0    Dex: 12    Spells: 0 memorised, 7 levels left

rFire  . . .     SeeInvis +     a - +0 quarterstaff
rCold  + . .     Gourm    .     k - +0 scale mail {rC+}
rNeg   . . .     Faith    .     (shield currently unavailable)
rPois  .         Spirit   .     c - +0 hat
rElec  .         Reflect  .     C - +0 cloak
rCorr  .         Harm     .     (no gloves)
MR     .....                    h - +0 pair of boots
Stlth  ..........               (no amulet)
                                (no ring)
                                s - ring of see invisible

@: brilliant, drained
A: retaliatory headbutt, horns 2, reduced EV 1
a: Renounce Religion


You were on level 7 of the Dungeon.
You worshipped Ru.
Ru was noncommittal.
You were near starving.

You visited 2 branches of the dungeon, and saw 8 of its levels.

You collected 269 gold pieces.

Inventory:

Hand Weapons
 a - a +0 quarterstaff (weapon)
 t - a +0 glaive
Missiles
 d - 3 throwing nets (quivered)
 u - 4 tomahawks
Armour
 b - a +0 leather armour
 c - a +0 hat (worn)
 h - a +0 pair of boots (worn)
 k - a +0 scale mail of cold resistance (worn)
 C - a +0 cloak (worn)
Jewellery
 s - a ring of see invisible (left hand)
Wands
 p - a wand of flame (44/48)
 r - a wand of lightning (8/15)
 y - a wand of polymorph (12/24)
Scrolls
 e - 7 scrolls of identify
 g - 3 scrolls of enchant weapon
 i - 2 scrolls of teleportation
 q - a scroll of recharging
 z - a scroll of blinking
 B - a scroll of fear
Potions
 j - 2 potions of cure mutation
 w - a potion of heal wounds
 A - a potion of cancellation {unknown}
 D - a potion of lignification {unknown}
Comestibles
 f - 2 bread rations
 l - 2 meat rations
 m - 2 beef jerkies
 v - 4 fruits
 x - a royal jelly


   Skills:
 + Level 5.1(4.9) Fighting
 + Level 9.1(8.9) Staves
 + Level 2.2(2.1) Throwing
 + Level 6.1(5.9) Armour
 + Level 5.1(4.9) Dodging
 + Level 0.6(0.5) Stealth


You had 7 spell levels left.
You didn't know any spells.

Dungeon Overview and Level Annotations

Branches:
Dungeon (7/15)             Temple (1/1) D:4

Altars:
Ashenzari
Cheibriados
Elyvilon
Fedhas
Gozag
Hepliaklqana
Kikubaaqudgha
Makhleb
Nemelex Xobeh
Okawaru
Qazlal
Ru
Sif Muna
Trog
Uskayaw
Vehumet
Xom
Yredelemnul
Zin
The Shining One


Innate Abilities, Weirdness & Mutations

You reflexively headbutt those who attack you in melee.
You have a pair of horns on your head.
You have somewhat slow reflexes. (EV -3)


Message History

The gargoyle is almost destroyed.
The gargoyle closely misses you.
Your scale mail prevents you from hitting the gargoyle.
You headbutt the gargoyle, but do no damage.
The gargoyle is almost destroyed.
You are near starving!
You hit the gargoyle but do no damage.
The gargoyle is almost destroyed.
The gargoyle hits you with a morningstar!
* * * LOW HITPOINT WARNING * * *
You hit the gargoyle but do no damage.
The gargoyle is almost destroyed.
The gargoyle hurls a stone arrow at you.
The stone arrow hits you!
* * * LOW HITPOINT WARNING * * *
You hit the gargoyle but do no damage.
The gargoyle is almost destroyed.
The gargoyle hurls a stone arrow at you.
The stone arrow hits you!
You die...

#.#.## #....# #....#
# ....# .# ...###
... .... ....
...########.###.....
....................
.......#....@.....#
.......#.<...9......
.......#............
.......#............
.......#............
.......+..#+###.....
.##....##.# ...##
### ...#


You could see a gargoyle.

Vanquished Creatures
  Edmund (D:6)
  A phantom (D:5)
  2 ogres
  2 scorpions
  4 wights (D:6)
  A howler monkey (D:4)
  3 hounds
  4 orc priests (D:4)
  4 orc wizards
  An iguana (D:6)
  6 worker ants
  A worker ant zombie (D:6)
  Robin (D:2)
  7 adders
  A shadow imp (D:5)
  5 worms
  2 dart slugs (D:1)
  2 leopard geckos
  19 orcs
  A ball python (D:3)
  5 giant cockroaches
  11 goblins
  6 hobgoblins
  4 jackals
  4 quokkas
  6 bats
  4 frilled lizards
  A jackal skeleton (D:4)
  3 kobolds
  A leopard gecko skeleton (D:6)
  7 rats
120 creatures vanquished.

Notes
Turn   | Place    | Note
-------+----------+-------------------------------------------
     0 | D:1      | Lilleppy the Minotaur Gladiator began the quest for the Orb.
     0 | D:1      | Reached XP level 1. HP: 18/18 MP: 0/0
    72 | D:1      | Reached skill level 4 in Staves
    86 | D:1      | Reached XP level 2. HP: 15/25 MP: 1/1
   552 | D:2      | Noticed Robin
   573 | D:2      | Reached XP level 3. HP: 7/30 MP: 2/2
   576 | D:2      | Killed Robin
  1322 | D:2      | Reached XP level 4. HP: 37/37 MP: 3/3
  1794 | D:3      | Reached skill level 5 in Staves
  1794 | D:3      | Reached skill level 1 in Armour
  2453 | D:4      | Noticed an ogre
  2457 | D:4      | Killed an ogre
  2457 | D:4      | Reached XP level 5. HP: 33/45 MP: 4/4
  2476 | D:4      | Reached skill level 6 in Staves
  2510 | D:4      | Reached XP level 6. HP: 39/51 MP: 5/5
  2773 | D:4      | Reached skill level 7 in Staves
  3141 | D:4      | Found a bloodstained altar of Trog.
  3283 | D:4      | Reached XP level 7. HP: 50/59 MP: 6/6
  3409 | D:4      | Found a snail-covered altar of Cheibriados.
  3414 | D:4      | Found a staircase to the Ecumenical Temple.
  3434 | Temple   | Entered the Ecumenical Temple
  3865 | Temple   | Became a worshipper of Ru the Awakened
  4165 | D:5      | Entered Level 5 of the Dungeon
  4239 | D:5      | Reached skill level 8 in Staves
  4626 | D:5      | Reached skill level 5 in Armour
  4947 | D:6      | Noticed Edmund
  4957 | D:6      | Killed Edmund
  4957 | D:6      | Reached XP level 8. HP: 52/67 MP: 7/7
  5032 | D:6      | Found an iron altar of Okawaru.
  5163 | D:6      | Reached skill level 5 in Fighting
  5171 | D:6      | Reached skill level 5 in Dodging
  5173 | D:6      | Reached skill level 9 in Staves
  5182 | D:6      | Gained mutation: You have somewhat slow reflexes. (EV -3) [Ru sacrifice]
  5548 | D:7      | Noticed a gargoyle
  5573 | D:7      | Killed from afar by a gargoyle

Skill      XL: |  1  2  3  4  5  6  7  8 |
---------------+-------------------------+-----
Staves         | 4 5 6 7 8 9 |  9.1
Fighting       | 3 4 5 |  5.1
Armour         | 2 3 5 6 |  6.1
Dodging        | 4 5 |  5.1
Throwing       | |  2.2
Stealth        | |  0.6

Action                   |  1- 3 |  4- 6 |  7- 9 || total
-------------------------+-------+-------+-------++-------
Melee: Quarterstaff      |    79 |   101 |   144 ||   324
       Headbutt          |    12 |    14 |    29 ||    55
Invok: Sacrifice Health  |       |       |     1 ||     1
  Use: Scroll            |     3 |     2 |     2 ||     7
       Potion            |       |       |     4 ||     4
  Eat: Bread ration      |       |     2 |     1 ||     3
Armor: Leather armour    |     2 |       |       ||     2
       Scale mail        |    44 |    39 |    46 ||   129
Dodge: Dodged            |    53 |    66 |    83 ||   202
